MWL (24 & UNDER)
EVANSTON ELITISTS @ MANHATTEN MEATHEADS
09/26/2028
 
TOP OF THE 1ST
Evanston Elitists batting - Pitching for Manhatten Meatheads : RHP Iván Maldonado
Pitching: RHP Iván Maldonado
Batting: RHB Alberto Soto 0-0: Foul Ball, location: 2F
0-1: Swinging Strike
0-2: Ball
1-2: Ball
2-2: Strikes out swinging
Batting: SHB Jacob Wilcox 0-0: Ball
1-0: Ball
2-0: Foul Ball, location: 2F
2-1: Ball
3-1: Fly out, F5 (Popup, 56S)
Batting: RHB Jorge Calderón 0-0: Called Strike
0-1: Ball
1-1: Called Strike
1-2: Ball
2-2: Foul Ball, location: 2F
2-2: Ball
3-2: TRIPLE (Line Drive, 9LD)
Batting: LHB Javier Mejía 0-0: Called Strike
0-1: Called Strike
0-2: Ball
1-2: Strikes out looking
Top of the 1st over - 0 run(s), 1 hit(s), 0 error(s), 1 left on base; Evanston 0 - Manhatten 0
BOTTOM OF THE 1ST
Manhatten Meatheads batting - Pitching for Evanston Elitists : RHP Carlos Briacho
Pitching: RHP Carlos Briacho
Batting: RHB Luis Reynoso 0-0: Ball
1-0: Ball
2-0: Foul Ball, location: 2F
2-1: Swinging Strike
2-2: Strikes out looking
Batting: LHB Manuel Ortega 0-0: Ball
1-0: Swinging Strike
1-1: Ball
2-1: Foul Ball, location: 2F
2-2: Ball
3-2: Strikes out looking
Batting: RHB Ramiro Santana 0-0: Called Strike
0-1: Foul Ball, location: 2F
0-2: SINGLE (Groundball, 34D)
Batting: RHB George Green 0-0: Ball
Ramiro Santana steals 2nd base
1-0: Called Strike
1-1: Swinging Strike
1-2: Ball
2-2: Ball
3-2: Reached on error, E9 (Flyball, 9S)
Ramiro Santana scores
Batting: LHB Brent Haynes 0-0: Called Strike
0-1: Ball
1-1: Swinging Strike
1-2: Strikes out swinging
Bottom of the 1st over - 1 run(s), 1 hit(s), 1 error(s), 1 left on base; Evanston 0 - Manhatten 1
TOP OF THE 2ND
Evanston Elitists batting - Pitching for Manhatten Meatheads : RHP Iván Maldonado
Batting: RHB Jerry Browning 0-0: Swinging Strike
0-1: Fly out, F3 (Popup, 3S)
Batting: LHB Alberto Varela 0-0: Ball
1-0: SINGLE (Line Drive, 4MD)
Batting: RHB Miguel Toro 0-0: Called Strike
0-1: Swinging Strike
0-2: Ball
1-2: Ball
2-2: Foul Ball, location: 2F
2-2: Strikes out swinging
Batting: RHB Ron Newcombe 0-0: Called Strike
0-1: Ball
1-1: Ball
2-1: Ground out 6-3 (Groundball, 56)
Top of the 2nd over - 0 run(s), 1 hit(s), 0 error(s), 1 left on base; Evanston 0 - Manhatten 1
BOTTOM OF THE 2ND
Manhatten Meatheads batting - Pitching for Evanston Elitists : RHP Carlos Briacho
Batting: RHB Manny Velásquez 0-0: Foul Ball, location: 2F
0-1: Called Strike
0-2: Ball
1-2: Strikes out swinging
Batting: LHB Eric Dillard 0-0: Ball
1-0: Called Strike
1-1: SINGLE (Flyball, 8RS)
Batting: RHB José Esparza 0-0: Ball
Eric Dillard steals 2nd base
1-0: Foul Ball, location: 2F
1-1: Ball
2-1: Called Strike
2-2: Ball
3-2: Base on Balls
Batting: RHB Tim Bonner 0-0: Ball
Throwing error on steal attempt, E2
Eric Dillard scores
José Esparza to third
1-0: Foul Ball, location: 2F
1-1: Ground out 6-3 (Groundball, 6)
José Esparza scores
Batting: RHB Luis Reynoso 0-0: Called Strike
0-1: Ball
1-1: Fly out, F8 (Line Drive, 78XD)
Bottom of the 2nd over - 2 run(s), 1 hit(s), 1 error(s), 0 left on base; Evanston 0 - Manhatten 3
TOP OF THE 3RD
Evanston Elitists batting - Pitching for Manhatten Meatheads : RHP Iván Maldonado
Batting: LHB Jean-Sébastien Beaudin 0-0: Foul Ball, location: 2F
0-1: Ball
1-1: Foul Ball, location: 2F
1-2: Foul Ball, location: 2F
1-2: Foul Ball, location: 2F
1-2: Strikes out swinging
Batting: RHB Alberto Soto 0-0: Ball
1-0: Called Strike
1-1: Foul Ball, location: 2F
1-2: Strikes out swinging
Batting: SHB Jacob Wilcox 0-0: Ball
1-0: Ball
2-0: Reached on error, E6 (Groundball, 6M)
Batting: RHB Jorge Calderón 0-0: Swinging Strike
0-1: Foul Ball, location: 2F
0-2: Ball
1-2: Strikes out swinging
Top of the 3rd over - 0 run(s), 0 hit(s), 1 error(s), 1 left on base; Evanston 0 - Manhatten 3
BOTTOM OF THE 3RD
Manhatten Meatheads batting - Pitching for Evanston Elitists : RHP Carlos Briacho
Batting: LHB Manuel Ortega 0-0: Called Strike
0-1: Ball
1-1: Ball
2-1: Foul Ball, location: 2F
2-2: Strikes out swinging
Batting: RHB Ramiro Santana 0-0: Foul Ball, location: 2F
0-1: Swinging Strike
0-2: Ball
1-2: Foul Ball, location: 2F
1-2: Strikes out looking
Batting: RHB George Green 0-0: Called Strike
0-1: Swinging Strike
0-2: Ball
1-2: Ground out 6-3 (Groundball, 6)
Bottom of the 3rd over - 0 run(s), 0 hit(s), 0 error(s), 0 left on base; Evanston 0 - Manhatten 3
TOP OF THE 4TH
Evanston Elitists batting - Pitching for Manhatten Meatheads : RHP Iván Maldonado
Batting: LHB Javier Mejía 0-0: Foul Ball, location: 2F
0-1: Ball
1-1: Swinging Strike
1-2: Strikes out looking
Batting: RHB Jerry Browning 0-0: Called Strike
0-1: Swinging Strike
0-2: Strikes out swinging
Batting: LHB Alberto Varela 0-0: Called Strike
0-1: Foul Ball, location: 2F
0-2: Strikes out swinging
Top of the 4th over - 0 run(s), 0 hit(s), 0 error(s), 0 left on base; Evanston 0 - Manhatten 3
BOTTOM OF THE 4TH
Manhatten Meatheads batting - Pitching for Evanston Elitists : RHP Carlos Briacho
Batting: LHB Brent Haynes 0-0: SOLO HOME RUN (Flyball, 89XD), Distance : 374 ft
Batting: RHB Manny Velásquez 0-0: SINGLE (Flyball, 6D)
Batting: LHB Eric Dillard 0-0: Ball
1-0: Foul Ball, location: 2F
1-1: Called Strike
1-2: Ball
2-2: Strikes out swinging
Batting: RHB José Esparza 0-0: Called Strike
0-1: Foul Ball, location: 2F
0-2: Strikes out swinging
Batting: RHB Tim Bonner 0-0: Foul Ball, location: 2F
0-1: Swinging Strike
0-2: Strikes out swinging
Bottom of the 4th over - 1 run(s), 2 hit(s), 0 error(s), 1 left on base; Evanston 0 - Manhatten 4
TOP OF THE 5TH
Evanston Elitists batting - Pitching for Manhatten Meatheads : RHP Iván Maldonado
Batting: RHB Miguel Toro 0-0: Called Strike
0-1: Foul Ball, location: 2F
0-2: SINGLE (Groundball, 5D)
Batting: RHB Ron Newcombe 0-0: Ball
1-0: Grounds into double play, 6-4-3 (Groundball, 6)
Batting: LHB Jean-Sébastien Beaudin 0-0: Called Strike
0-1: Swinging Strike
0-2: Ball
1-2: Ground out 4-3 (Groundball, 34)
Top of the 5th over - 0 run(s), 1 hit(s), 0 error(s), 0 left on base; Evanston 0 - Manhatten 4
BOTTOM OF THE 5TH
Manhatten Meatheads batting - Pitching for Evanston Elitists : RHP Carlos Briacho
Batting: RHB Luis Reynoso 0-0: Ground out 6-3 (Groundball, 6)
Batting: LHB Manuel Ortega 0-0: Ball
1-0: Ball
2-0: Foul Ball, location: 2F
2-1: Ball
3-1: Foul Ball, location: 2F
3-2: Base on Balls
Batting: RHB Ramiro Santana 0-0: Ball
1-0: Ball
2-0: Fly out, F7 (Flyball, 7)
Batting: RHB George Green 0-0: Ball
Manuel Ortega is caught stealing 2nd base
Bottom of the 5th over - 0 run(s), 0 hit(s), 0 error(s), 0 left on base; Evanston 0 - Manhatten 4
TOP OF THE 6TH
Evanston Elitists batting - Pitching for Manhatten Meatheads : RHP Iván Maldonado
Batting: RHB Alberto Soto 0-0: Ball
1-0: Foul Ball, location: 2F
1-1: Ball
2-1: SINGLE (Line Drive, 56D)
Batting: SHB Jacob Wilcox 0-0: Ball
1-0: Foul Ball, location: 2F
1-1: Ball
2-1: Swinging Strike
2-2: Fly out, F7 (Flyball, 78S)
Batting: RHB Jorge Calderón 0-0: Ball
Alberto Soto steals 2nd base
1-0: Called Strike
1-1: Called Strike
1-2: Strikes out swinging
Batting: LHB Javier Mejía 0-0: Ball
1-0: Ground out 1-3 (Groundball, 15S)
Top of the 6th over - 0 run(s), 1 hit(s), 0 error(s), 1 left on base; Evanston 0 - Manhatten 4
BOTTOM OF THE 6TH
Manhatten Meatheads batting - Pitching for Evanston Elitists : RHP Carlos Briacho
Pitching: RHP Sixto Domínguez
Batting: RHB George Green 0-0: Fly out, F6 (Line Drive, 6)
Batting: LHB Brent Haynes 0-0: Ball
1-0: Called Strike
1-1: Called Strike
1-2: Ball
2-2: Strikes out swinging
Batting: RHB Manny Velásquez 0-0: Ball
1-0: Ball
2-0: Called Strike
2-1: Ball
3-1: Foul Ball, location: 2F
3-2: Base on Balls
Batting: LHB Eric Dillard 0-0: 2-RUN HOME RUN (Flyball, 9LD), Distance : 324 ft
Batting: RHB José Esparza 0-0: Called Strike
0-1: Called Strike
0-2: Ball
1-2: Ball
2-2: Ground out 4-3 (Groundball, 4)
Bottom of the 6th over - 2 run(s), 1 hit(s), 0 error(s), 0 left on base; Evanston 0 - Manhatten 6
TOP OF THE 7TH
Evanston Elitists batting - Pitching for Manhatten Meatheads : RHP Iván Maldonado
Pitching: RHP Glenn Ellison
Batting: RHB Jerry Browning 0-0: Called Strike
0-1: SOLO HOME RUN (Flyball, 9LD), Distance : 319 ft
Batting: LHB Alberto Varela 0-0: Ball
1-0: SINGLE (Groundball, 4MD)
Batting: RHB Miguel Toro 0-0: Ball
Alberto Varela steals 2nd base
1-0: Foul Ball, location: 2F
1-1: Called Strike
1-2: Strikes out swinging
Batting: RHB Ron Newcombe 0-0: Ball
1-0: Called Strike
1-1: Ball
2-1: Called Strike
Alberto Varela is caught stealing 3rd base
2-2: Strikes out swinging
Top of the 7th over - 1 run(s), 2 hit(s), 0 error(s), 0 left on base; Evanston 1 - Manhatten 6
BOTTOM OF THE 7TH
Manhatten Meatheads batting - Pitching for Evanston Elitists : RHP Sixto Domínguez
Pitching: LHP Wilson Ramos
Batting: RHB Tim Bonner 0-0: Ball
1-0: Ball
2-0: Foul Ball, location: 2F
2-1: Swinging Strike
2-2: SINGLE (Line Drive, 8LS)
Batting: RHB Luis Reynoso 0-0: Ball
1-0: Foul Ball, location: 2F
1-1: Ball
2-1: Foul Ball, location: 2F
2-2: SINGLE (Flyball, 78S)
Tim Bonner to second
Batting: LHB Manuel Ortega 0-0: Ball
1-0: Sac Bunt - play at first, batter OUT! 3-4
Tim Bonner to third
Luis Reynoso to second
Batting: RHB Ramiro Santana 0-0: Swinging Strike
0-1: Ground out 1-3 (Groundball, 13S)
Batting: RHB George Green 0-0: Called Strike
0-1: Foul Ball, location: 2F
0-2: Strikes out swinging
Bottom of the 7th over - 0 run(s), 2 hit(s), 0 error(s), 2 left on base; Evanston 1 - Manhatten 6
TOP OF THE 8TH
Evanston Elitists batting - Pitching for Manhatten Meatheads : RHP Glenn Ellison
Now at 3B: Santiago Díaz
Batting: LHB Jean-Sébastien Beaudin 0-0: Swinging Strike
0-1: Called Strike
0-2: Ball
1-2: Ball
2-2: Foul Ball, location: 2F
2-2: Fly out, F8 (Flyball, 8RM)
Batting: RHB Alberto Soto 0-0: Foul Ball, location: 2F
0-1: Fly out, F5 (Line Drive, 56S)
Batting: SHB Jacob Wilcox 0-0: Ball
1-0: Called Strike
1-1: Swinging Strike
1-2: Strikes out looking
Top of the 8th over - 0 run(s), 0 hit(s), 0 error(s), 0 left on base; Evanston 1 - Manhatten 6
BOTTOM OF THE 8TH
Manhatten Meatheads batting - Pitching for Evanston Elitists : LHP Wilson Ramos
Batting: LHB Brent Haynes 0-0: Ball
1-0: Ball
2-0: Foul Ball, location: 2F
2-1: Called Strike
2-2: Foul Ball, location: 2F
2-2: Ball
3-2: Foul Ball, location: 2F
3-2: SINGLE (Groundball, 4D)
Batting: RHB Manny Velásquez 0-0: Fielders Choice at 2nd, 3-6 (Groundball, 3)
Batting: LHB Eric Dillard 0-0: Ball
1-0: Foul Ball, location: 2F
1-1: Foul Ball, location: 2F
1-2: Ball
2-2: Strikes out swinging
Batting: RHB José Esparza 0-0: Called Strike
0-1: TRIPLE (Flyball, 78D)
Manny Velásquez scores
Batting: RHB Tim Bonner 0-0: Called Strike
0-1: Ball
1-1: Ball
2-1: Swinging Strike
2-2: Reached on error, E6 (Groundball, 6)
José Esparza scores
Batting: RHB Luis Reynoso 0-0: Ball
1-0: Foul Ball, location: 2F
1-1: Foul Ball, location: 2F
1-2: Reached on error, E7 (Flyball, 7)
Tim Bonner to third
Batting: LHB Manuel Ortega 0-0: Swinging Strike
0-1: Swinging Strike
0-2: Strikes out looking
Bottom of the 8th over - 2 run(s), 2 hit(s), 2 error(s), 2 left on base; Evanston 1 - Manhatten 8
TOP OF THE 9TH
Evanston Elitists batting - Pitching for Manhatten Meatheads : RHP Glenn Ellison
Now at C: Hidalgo García
Batting: RHB Jorge Calderón 0-0: Foul Ball, location: 2F
0-1: Ball
1-1: Swinging Strike
1-2: Strikes out swinging
Batting: LHB Javier Mejía 0-0: Ball
1-0: Ball
2-0: Ball
3-0: Called Strike
3-1: Swinging Strike
3-2: Foul Ball, location: 2F
3-2: SINGLE (Line Drive, 89S)
Batting: RHB Jerry Browning 0-0: Foul Ball, location: 2F
0-1: Single, Error in OF, E9, batter to second base
Javier Mejía to third
Batting: LHB Alberto Varela 0-0: Ball
1-0: Ball
2-0: Ground out U3 (Groundball, 3)
Batting: RHB Miguel Toro 0-0: Called Strike
0-1: Ball
1-1: Ball
2-1: Ball
3-1: Ground out 6-3 (Groundball, 6S)
Top of the 9th over - 0 run(s), 2 hit(s), 1 error(s), 2 left on base; Evanston 1 - Manhatten 8
Tuesday, August 8th, 2017 - OOTP Baseball 17.12 Build 75